 Dungeon Sprint DCSS version 0.21-a0-49-g7bf2ba4 (webtiles) character file.

3588 Kidiri the Grappler (level 9, -2/104 HPs)
             Began as a Troll Monk on June 10, 2017.
             Was the Champion of Wu Jian.
             Slain by a killer bee (6 damage)
             ... in the Dungeon (Sprint III: "The Ten Rune Challenge").
             The game lasted 00:10:34 (963 turns).

Kidiri the Grappler (Troll Monk)                     Turns: 963, Time: 00:10:35

Health: -2/104     AC:  6    Str: 23    XL:     9   Next: 85%
Magic:  8/8        EV: 16    Int:  6    God:    Wu Jian [******]
Gold:   34         SH:  0    Dex: 15    Spells: 8/8 levels left

rFire    . . .     SeeInvis .     - Unarmed
rCold    . . .     Gourm    +   (no shield)
rNeg     . . .     Faith    .   a - +0 robe
rPois    .         Spirit   .   (helmet restricted)
rElec    .         Reflect  .   (no cloak)
rCorr    .         Harm     .   (gloves unavailable)
MR       .....     NoTele   +   (boots unavailable)
Stlth    +++.......             (no amulet)
Regen    0.7/turn               (no ring)
MPRegen  0.2/turn               (no ring)

@: no status effects
A: unfitting armour, claws 3, horns 1, talons 1, rugged brown scales 1, fast
metabolism 3, gourmand, regeneration 1, shaggy fur 1, strong 1, tough skin 2
a: Serpent's Lash, Heavenly Storm, Renounce Religion


You were in the Dungeon.
You worshipped Wu Jian.
Wu Jian was exalted by your worship.
You were very full.

You visited 1 branch You collected 34 gold pieces.

Inventory:

Missiles
 k - 8 throwing nets (quivered)
Armour
 a - a +0 robe (worn)
Scrolls
 h - a scroll of blinking
 j - 2 scrolls of torment
 l - a scroll of fog
Potions
 c - a potion of curing
 e - a potion of haste
 f - 3 potions of magic
 n - 2 potions of flight
 p - a potion of invisibility
 q - 2 potions of mutation
Books
 d - a book of Cantrips

   Spells                             Type                      Level
   a - Confusing Touch                Hexes                        1
   b - Animate Skeleton               Necromancy                   1
   c - Summon Small Mammal            Summoning                    1
   d - Apportation                    Translocation                1
Comestibles
 b - 2 bread rations
 i - 2 royal jellies
 m - 3 fruits
 o - a meat ration


   Skills:
 * Level 10.1 Fighting
 + Level 6.7 Armour
 * Level 10.1 Dodging
 + Level 5.2 Stealth
 * Level 11.8 Unarmed Combat


You had 8 spell levels left.
You didn't know any spells.

Dungeon Overview and Level Annotations

Branches:
Dungeon (1/1)

Altars:
Cheibriados
Dithmenos
Elyvilon
Fedhas
Gozag
Hepliaklqana
Kikubaaqudgha
Makhleb
Nemelex Xobeh
Okawaru
Qazlal
Ru
Sif Muna
Trog
Uskayaw
Vehumet
Wu Jian
Xom
Yredelemnul
Zin
The Shining One
Beogh
Jiyva
Lugonu

Annotations:
D exclusion: door


Innate Abilities, Weirdness & Mutations

You are too large for most types of armour.
You have claws for hands.
Your metabolism is lightning-fast.
You like to eat raw meat.
Your natural rate of healing is unusually fast.
You are covered in fur. (AC +1)
You have very tough skin. (AC +2)
You have a pair of small horns on your head.
You have sharp toenails.
You are partially covered in rugged brown scales. (AC +1, +3% HP)
Your muscles are strong. (Str +2)


Message History

* * * LOW HITPOINT WARNING * * *
You repeatedly attack the killer bee from above.
You claw the killer bee!
You kill the killer bee!
The Council accepts your kill.
Unknown command.
The killer bee stings you.
* * * LOW HITPOINT WARNING * * *
The killer bee closely misses you.
Unknown command.
You spin and attack the killer bee repeatedly.
You closely miss the killer bee.
The killer bee buzzes angrily.
Your kick misses the killer bee. Your headbutt misses the killer bee.
You claw the killer bee, but do no damage.
The killer bee is moderately wounded.
You barely miss the killer bee. Your headbutt misses the killer bee.
The killer bee is moderately wounded.
The killer bee stings you.
You die...

.#[_# ##+## ...%# ...)# ###'#
#...#+###########################
#..)#.)..#.#.#.....#.....y'%%y≈≈#
#...##.#..#.##.###.#......#
#...'##)#.#.##.#@.##......#
+...#...#..#..##.y%.......#
▓▓▓▓▓▓▓▓▓▓▓▓▓▓▓▓▓▓#.......#
#.......# +...y...# #.......#
##+######


You could see 2 killer bees.

Vanquished Creatures
  Erolcha (D)
  A deep elf mage (D)
  A queen bee (D)
  2 redbacks (D)
  A shadow (D)
  A spatial vortex (D)
  A necrophage (D)
  5 two-headed ogres (D)
  A water elemental (D)
  A scorpion (D)
  9 killer bees (D)
  A jelly (D)
  A wizard (D)
  Jessica (D)
  A necromancer (D)
  3 humans (D)
  A kobold demonologist (D)
  An ooze (D)
  2 rats (D)
35 creatures vanquished.

Vanquished Creatures (others)
  2 draconian scorchers (D)
  2 yaktaurs (D)
  6 hellions (D)
  4 plants (D)
14 creatures vanquished.

Grand Total: 49 creatures vanquished

Notes
Turn   | Place    | Note
-------+----------+-------------------------------------------
     0 | D        | Kidiri the Troll Monk began the quest for the Orb.
     0 | D        | Reached XP level 1. HP: 22/22 MP: 0/0
   103 | D        | Killed a hellion
   128 | D        | Noticed Jessica
   131 | D        | Killed Jessica
   131 | D        | Reached skill level 1 in Armour
   131 | D        | Reached skill level 4 in Unarmed Combat
   131 | D        | Reached XP level 2. HP: 31/31 MP: 1/1
   131 | D        | Reached XP level 3. HP: 37/37 MP: 2/2
   133 | D        | Killed a hellion
   133 | D        | Killed a hellion
   143 | D        | Killed a hellion
   170 | D        | Killed a hellion
   174 | D        | Killed a hellion
   217 | D        | Killed a white draconian scorcher
   240 | D        | Noticed a scorpion
   245 | D        | Killed a white draconian scorcher
   250 | D        | Killed a scorpion
   250 | D        | Reached skill level 5 in Unarmed Combat
   250 | D        | Reached XP level 4. HP: 34/49 MP: 3/3
   271 | D        | Gained mutation: Scrolls take you a little longer to read. [potion of mutation]
   271 | D        | Gained mutation: Your mind is acute. (Int +2) [potion of mutation]
   272 | D        | Lost mutation: Scrolls take you a little longer to read. [potion of mutation]
   272 | D        | Lost mutation: Your mind is acute. (Int +2) [potion of mutation]
   272 | D        | Gained mutation: You are frail. (-10% HP) [potion of mutation]
   272 | D        | Lost mutation: You are frail. (-10% HP) [potion of mutation]
   272 | D        | Gained mutation: You are resistant to electric shocks. (rElec) [potion of mutation]
   273 | D        | Lost mutation: You are resistant to electric shocks. (rElec) [potion of mutation]
   273 | D        | Gained mutation: Your muscles are strong. (Str +2) [potion of mutation]
   273 | D        | Gained mutation: You are partially covered in rugged brown scales. (AC +1, +3% HP) [potion of mutation]
   273 | D        | Gained mutation: You have a pair of small horns on your head. [potion of mutation]
   273 | D        | Gained mutation: You have sharp toenails. [potion of mutation]
   306 | D        | Noticed a water elemental
   308 | D        | Killed a water elemental
   308 | D        | Reached skill level 5 in Fighting
   308 | D        | Reached skill level 5 in Dodging
   308 | D        | Reached skill level 6 in Unarmed Combat
   308 | D        | Reached XP level 5. HP: 58/58 MP: 4/4
   316 | D        | Found an ornate altar of the Wu Jian Council.
   316 | D        | Found an iron altar of Okawaru.
   317 | D        | Found a roughly hewn altar of Beogh.
   317 | D        | Found a bloodstained altar of Trog.
   317 | D        | Found a hide-covered altar of Uskayaw.
   317 | D        | Noticed a human
   317 | D        | Noticed a human
   319 | D        | Became a worshipper of the Wu Jian Council
   319 | D        | Reached * piety under Wu Jian
   319 | D        | Reached ** piety under Wu Jian
   323 | D        | Killed a human
   323 | D        | Reached skill level 7 in Unarmed Combat
   323 | D        | Reached XP level 6. HP: 37/69 MP: 5/5
   332 | D        | Killed a human
   358 | D        | Killed a yaktaur
   417 | D        | Found a radiant altar of Vehumet.
   418 | D        | Found a deep blue altar of Sif Muna.
   418 | D        | Found an ancient bone altar of Kikubaaqudgha.
   423 | D        | Reached *** piety under Wu Jian
   423 | D        | Reached skill level 8 in Unarmed Combat
   449 | D        | Found a glowing silver altar of Zin.
   450 | D        | Found a glowing golden altar of the Shining One.
   450 | D        | Found a white marble altar of Elyvilon.
   450 | D        | Noticed a deep elf mage
   455 | D        | Killed a deep elf mage
   455 | D        | Reached skill level 9 in Unarmed Combat
   455 | D        | Reached XP level 7. HP: 50/80 MP: 6/6
   499 | D        | Killed a yaktaur
   510 | D        | Found a basalt altar of Yredelemnul.
   510 | D        | Found a shadowy altar of Dithmenos.
   510 | D        | Found a sacrificial altar of Ru.
   542 | D        | Noticed a shadow
   544 | D        | Killed a shadow
   544 | D        | Reached **** piety under Wu Jian
   544 | D        | Reached skill level 5 in Armour
   544 | D        | Reached XP level 8. HP: 90/90 MP: 7/7
   553 | D        | Found a blossoming altar of Fedhas.
   553 | D        | Found a stormy altar of Qazlal.
   553 | D        | Found a snail-covered altar of Cheibriados.
   553 | D        | Found a burning altar of Makhleb.
   553 | D        | Found a shimmering altar of Xom.
   554 | D        | Found a hazy altar of Hepliaklqana.
   554 | D        | Found an opulent altar of Gozag.
   554 | D        | Found a sparkling altar of Nemelex Xobeh.
   554 | D        | Found a corrupted altar of Lugonu.
   554 | D        | Found a viscous altar of Jiyva.
   648 | D        | Reached skill level 10 in Unarmed Combat
   728 | D        | Noticed a two-headed ogre
   739 | D        | Killed a two-headed ogre
   756 | D        | Noticed a two-headed ogre
   756 | D        | Noticed Erolcha
   760 | D        | Killed Erolcha
   760 | D        | Reached skill level 11 in Unarmed Combat
   760 | D        | Reached XP level 9. HP: 74/103 MP: 8/8
   762 | D        | Killed a two-headed ogre
   819 | D        | Reached ***** piety under Wu Jian
   819 | D        | Reached skill level 5 in Stealth
   918 | D        | Noticed a queen bee
   938 | D        | Reached skill level 10 in Fighting
   938 | D        | Reached skill level 10 in Dodging
   948 | D        | Killed a queen bee
   948 | D        | Reached ****** piety under Wu Jian
   962 | D        | HP: 4/104 [killer bee (5)]
   963 | D        | Slain by a killer bee

Vault maps used:
D:        dungeon_sprint_mu

Skill      XL: |  1  2  3  4  5  6  7  8  9 |
---------------+----------------------------+-----
Fighting       | 3 4 5 7 8 9 10 | 10.1
Armour         | 1 2 3 4 5 6 |  6.7
Dodging        | 3 4 5 7 9 10 | 10.1
Unarmed Combat | 4 5 6 7 9 11 | 11.8
Stealth        | 2 3 4 5 |  5.2

Action                   |  1- 3 |  4- 6 |  7- 9 || total
-------------------------+-------+-------+-------++-------
Melee: Unarmed           |    27 |    33 |    95 ||   155
       Kick              |       |     6 |    19 ||    25
       Headbutt          |       |     6 |    15 ||    21
       Punch             |       |       |     3 ||     3
Invok: Serpent's Lash    |       |       |     3 ||     3
  Use: Potion            |       |     5 |     1 ||     6
       Scroll            |       |     3 |       ||     3
 Stab: Sleeping          |     2 |       |     1 ||     3
  Eat: Chunk             |       |     5 |     8 ||    13
Armor: Robe              |     7 |     2 |    14 ||    23
Dodge: Dodged            |     6 |     8 |    52 ||    66
